 Dungeon Crawl Stone Soup version 0.21.1-1-g345015f (webtiles) character file.

2135 twistedcrescendo the Basher (level 9, -6/86 HPs)
             Began as a Minotaur Berserker on June 21, 2018.
             Was an Elder of Trog.
             Mangled by an ogre
             ... wielding a +0 giant club
              (26 damage)
             ... on level 7 of the Dungeon.
             The game lasted 00:37:10 (6106 turns).

twistedcrescendo the Basher (Minotaur Berserker)    Turns: 6106, Time: 00:37:11

Health: -6/86      AC:  0    Str: 28    XL:     9   Next: 9%
Magic:  8/8        EV: 12    Int:  4    God:    Trog [****..]
Gold:   319        SH:  0    Dex: 12    Spells: 8/8 levels left

rFire    . . .     SeeInvis .   u - +1 whip (venom)
rCold    . . .     Gourm    .   (no shield)
rNeg     . . .     Faith    .   (no armour)
rPois    .         Spirit   .   (helmet restricted)
rElec    .         Reflect  .   (no cloak)
rCorr    .         Harm     .   (no gloves)
MR       .....                  (no boots)
Stlth    +.........             (no amulet)
HPRegen  0.24/turn              (no ring)
MPRegen  0.11/turn              (no ring)

@: mighty
A: retaliatory headbutt, horns 2
a: Berserk, Trog's Hand, Brothers in Arms, Burn Spellbooks, Renounce Religion


You were on level 7 of the Dungeon.
You worshipped Trog.
Trog was greatly pleased with you.
You were not hungry.

You visited 1 branch of the dungeon, and saw 7 of its levels.
You also visited: Sewer.

You collected 319 gold pieces.

Inventory:

Hand Weapons
 u - a +1 whip of venom (weapon)
 E - a +6 battleaxe
 F - a +1 mace
Armour
 f - a +1 chain mail
 A - a +0 large shield
Jewellery
 d - a +3 ring of dexterity
 h - an uncursed ring of resist corrosion
 m - an uncursed ring of fire
 t - a +4 ring of dexterity
Wands
 y - a wand of flame (20)
Scrolls
 a - a scroll of holy word {unknown}
 j - 4 scrolls of remove curse
 n - 3 scrolls of immolation
 w - 3 scrolls of teleportation
 B - 3 scrolls of identify
 D - a scroll of fear {unknown}
Potions
 b - 3 potions of magic {unknown}
 e - 3 potions of haste {unknown}
 i - 3 potions of heal wounds {unknown}
 k - 3 potions of lignification
 l - a potion of ambrosia {unknown}
 o - 2 potions of resistance
 q - a potion of degeneration {unknown}
 r - a potion of agility {unknown}
 s - a potion of mutation {unknown}
 v - 3 potions of might
 x - 4 potions of curing
 z - a potion of cancellation {unknown}
Comestibles
 c - 11 rations


   Skills:
 + Level 10.7 Fighting
 + Level 10.7 Maces & Flails
 - Level 2.4 Armour
 - Level 2.1 Dodging


You had 8 spell levels left.
You didn't know any spells.

Dungeon Overview and Level Annotations

Branches:
Dungeon (7/15)             Temple (0/1) D:5

Altars:
Elyvilon
Hepliaklqana
Nemelex Xobeh
Trog
Wu Jian
Xom
Zin

Shops:
D:4 (


Innate Abilities, Weirdness & Mutations

You reflexively headbutt those who attack you in melee.
You have a pair of horns on your head.


Message History

The ogre shouts!
The ogre moves out of view.
You see here a bullfrog corpse.
You butcher the bullfrog corpse.
Eat one of 4 chunks of flesh? (ye/n/q)
You eat one of the 4 chunks of flesh.
This raw flesh tastes terrible.
You are feeling very hungry.
Eat one of 3 chunks of flesh? (ye/n/q)
You eat one of the 3 chunks of flesh.
This raw flesh tastes terrible.
The ogre hits you with a giant club!!
An ogre is nearby!
You barely miss the ogre. You barely miss the ogre.
The ogre hits you with a giant club!
* * * LOW HITPOINT WARNING * * *
You hit the ogre but do no damage.
You headbutt the ogre, but do no damage.
It was a potion of might.
You feel very mighty all of a sudden. The ogre hits you with a giant club!!
You die...

###############.# ####.##...#
#...............# #.##...##
#.#######################.##.....
#.#......# .>...............
#.#.####.# #................
#.#.# #.#### #%#..#.#####.....
#.#.# #.#.. #.#. #. #..... #.#.#
#.#.######O# . #..... #.#.#
#.#.#..<.@.# # ##.### #.#.#
#...#.#.........# #.# #.#.#
##..##.#.######.## .# #.#.#
#......#.. #.#.# #.######'##
#.#.# #. ... ....# ## ... #####
....


You could see an ogre.

Vanquished Creatures
  The ghost of sking99 the Chopper, an amateur HOFi (D:4)
  A water moccasin (D:6)
  2 ice beasts
  2 sky beasts
  An ogre (D:6)
  A phantom (D:7)
  The ghost of chorionicmirror the Slasher, an amateur DsAK of Lugonu (D:3)
  A centaur (D:6)
  3 bullfrogs
  A water moccasin skeleton (D:7)
  5 wights (D:6)
  3 crimson imps (D:6)
  3 centaur skeletons
  A hound (D:7)
  2 orc priests
  A bullfrog skeleton (D:6)
  An iguana (D:4)
  4 worker ants
  2 hound skeletons
  2 worker ant zombies
  Robin (D:2)
  A howler monkey skeleton (D:4)
  10 adders
  2 river rats (D:4)
  A shadow imp (D:7)
  An ooze (D:5)
  2 adder skeletons (D:4)
  3 worms
  A dart slug (D:2)
  3 leopard geckos
  10 orcs
  5 ball pythons
  2 giant cockroaches (D:2)
  15 goblins
  9 hobgoblins
  8 jackals (Sewer)
  5 quokkas
  A ball python skeleton (D:4)
  6 bats
  6 frilled lizards
  5 kobolds
  10 rats
  7 plants (Sewer)
152 creatures vanquished.

Notes
Turn   | Place    | Note
-------+----------+-------------------------------------------
     0 | D:1      | twistedcrescendo the Minotaur Berserker began the quest for the Orb.
     0 | D:1      | Reached XP level 1. HP: 19/19 MP: 0/0
    78 | D:1      | Reached XP level 2. HP: 22/27 MP: 1/1
   621 | D:2      | Noticed Robin
   628 | D:2      | Reached XP level 3. HP: 29/34 MP: 2/2
   640 | D:2      | Reached ** piety under Trog
   641 | D:2      | Killed Robin
   757 | D:2      | Reached skill level 5 in Fighting
   757 | D:2      | Reached skill level 5 in Maces & Flails
   757 | D:2      | Reached XP level 4. HP: 27/42 MP: 3/3
  1226 | D:2      | Found a faded altar of an unknown god.
  1448 | D:3      | Noticed chorionicmirror's ghost (amateur DsAK)
  1460 | D:3      | Killed chorionicmirror's ghost
  1460 | D:3      | Reached XP level 5. HP: 50/50 MP: 4/4
  2207 | D:4      | Reached XP level 6. HP: 57/57 MP: 5/5
  2265 | D:4      | Reached *** piety under Trog
  2266 | D:4      | Noticed an ice beast
  2277 | D:4      | Killed an ice beast
  2295 | D:4      | Noticed an angel
  2296 | D:4      | Found a glowing silver altar of Zin.
  2297 | D:4      | Found a shimmering altar of Xom.
  2310 | D:4      | Noticed sking99's ghost (amateur HOFi)
  2331 | D:4      | Killed sking99's ghost
  2331 | D:4      | Reached XP level 7. HP: 22/66 MP: 6/6
  2666 | D:4      | Found a glowing drain.
  2675 | Sewer    | Entered a sewer
  3317 | Sewer    | Reached **** piety under Trog
  3896 | D:4      | Found Izyrihi's Antique Weapon Boutique.
  4011 | D:5      | Entered Level 5 of the Dungeon
  4143 | D:5      | Found an ornate altar of the Wu Jian Council.
  4143 | D:5      | Found a sparkling altar of Nemelex Xobeh.
  4144 | D:5      | Found a bloodstained altar of Trog.
  4148 | D:5      | Found a white marble altar of Elyvilon.
  4264 | D:5      | Found a hazy altar of Hepliaklqana.
  4446 | D:5      | Found a staircase to the Ecumenical Temple.
  4793 | D:6      | Reached XP level 8. HP: 59/75 MP: 7/7
  5313 | D:6      | Reached skill level 10 in Fighting
  5313 | D:6      | Reached skill level 10 in Maces & Flails
  5965 | D:7      | Reached XP level 9. HP: 69/86 MP: 8/8
  6106 | D:7      | Mangled by an ogre

Skill      XL: |  1  2  3  4  5  6  7  8 |
---------------+-------------------------+-----
Fighting       | 4 5 6 7 8 10 | 10.7
Maces & Flails | 4 5 6 7 8 10 | 10.7
Armour         | |  2.4
Dodging        | |  2.1

Action                   |  1- 3 |  4- 6 |  7- 9 || total
-------------------------+-------+-------+-------++-------
Melee: Mace              |    99 |   110 |   177 ||   386
       Headbutt          |    10 |    23 |    89 ||   122
       Whip              |       |       |   169 ||   169
       Battleaxe         |       |       |     4 ||     4
Invok: Berserk           |       |     3 |       ||     3
       Trog's Hand       |       |     1 |       ||     1
       Burn Spellbooks   |       |       |     1 ||     1
  Use: Scroll            |       |     7 |     2 ||     9
       Potion            |       |       |     1 ||     1
  Eat: Chunk             |       |     7 |    10 ||    17
       Ration            |       |       |     1 ||     1
Armor: Animal skin       |    11 |       |       ||    11
       Chain mail        |    38 |    58 |    76 ||   172
Dodge: Dodged            |    65 |    39 |    96 ||   200
